 Dungeon Crawl Stone Soup version 0.31-a0-986-g5e6e4ef867 (webtiles) character file.

Game seed: 6705859743045068000

201 serber55 the Chiller (level 5, -5/38 HPs)
             Began as a Demonspawn Ice Elementalist on Nov 6, 2023.
             Was a Follower of Wu Jian.
             Slain by a gnoll
             ... wielding a +0 halberd
             ... led by a gnoll sergeant
              (10 damage)
             ... on level 3 of the Dungeon.
             The game lasted 00:07:59 (2337 turns).

serber55 the Chiller (Demonspawn Ice Elementalist)  Turns: 2337, Time: 00:08:00

Health: -5/38      AC:  2    Str:  8    XL:     5   Next: 50%
Magic:  1/9        EV: 12    Int: 18    God:    Wu Jian [*.....]
Gold:   80         SH:  4    Dex: 14    Spells: 2/9 levels left

rFire   . . .        e - +0 dagger
rCold   . . .        (no shield)
rNeg    . . .        a - +0 robe
rPois   .            (no helmet)
rElec   .            (no cloak)
rCorr   .            (no gloves)
SInv    .            (no boots)
Will    .....        h - amulet of the acrobat
Stlth   ++           (no ring)
HPRegen 0.26/turn    (no ring)
MPRegen 0.11/turn

%: acrobat
@: no status effects
A: condensation shield, weakness stinger 2
a: Renounce Religion


You were on level 3 of the Dungeon.
You worshipped Wu Jian.
Wu Jian was aware of your devotion.
You visited 1 branch of the dungeon, and saw 3 of its levels.

You collected 80 gold pieces.

Inventory:

Hand Weapons
 e - a +0 dagger (weapon)
Missiles
 g - 6 poisoned darts (quivered)
Armour
 a - a +0 robe (worn)
Jewellery
 h - an amulet of the acrobat (around neck)
Scrolls
 c - 2 scrolls of teleportation {unknown}
 d - 2 scrolls of identify {unknown}
 f - a scroll of vulnerability {unknown}
Potions
 b - 2 potions of magic


   Skills:
 + Level 2.2 Fighting
 + Level 2.8 Dodging
 - Level 1.7 Stealth
 + Level 2.9 Spellcasting
 * Level 4.8 Ice Magic


You had 2 spell levels left.
You knew the following spells:

 Your Spells              Type           Power      Damage    Failure   Level
a - Freeze                Ice            80%        1d9       2%          1
b - Frozen Ramparts       Ice            40%        1d7       7%          3
c - Ozocubu's Armour      Ice            20%        N/A       7%          3

Your spell library contained the following spells:

 Spells                   Type           Power      Damage    Failure   Level
 Stone Arrow              Conj/Erth      4%         3d7       45%         3
 Summon Ice Beast         Ice/Summ       11%        N/A       52%         4
 Animate Armour           Summ/Erth      4%         N/A       86%         4
 Lehudib's Crystal Spear  Conj/Erth      1%         10d2      100%        8


Dungeon Overview and Level Annotations

Branches:
Dungeon (3/15)

Altars:
Wu Jian


Innate Abilities, Weirdness & Mutations

A meltable shield of frost defends you. (SH +4)
You have a tail ending in a sharp stinger.


Message History

The gnoll sergeant closely misses you. The gnoll barely misses you.
Things that are here:
a +0 club; a gnoll corpse
Casting: Freeze (safe; 2% risk of failure)
Confirm with . or Enter, or press ? or * to list all spells.
You don't have enough magic to cast this spell.
Unknown command.
You hit the gnoll sergeant but do no damage.
The gnoll sergeant is moderately wounded.
The gnoll closely misses you.
The gnoll sergeant hits you with a +0 trident.
You hit the gnoll sergeant but do no damage.
The gnoll sergeant is moderately wounded.
The gnoll sergeant hits you with a +0 trident!
The gnoll barely misses you.
You are too injured to fight recklessly!
You are too injured to fight recklessly!
You barely miss the gnoll sergeant.
You tail-slap the gnoll sergeant, but do no damage.
The gnoll sergeant is moderately wounded.
You block the gnoll's attack.
You lunge at the gnoll.
You hit the gnoll but do no damage.
The gnoll is heavily wounded.
You spin and attack the gnoll sergeant.
You hit the gnoll sergeant but do no damage.
The gnoll sergeant is moderately wounded.
You block the gnoll's attack. The gnoll sergeant closely misses you.
You closely miss the gnoll.
The gnoll is heavily wounded.
The gnoll sergeant hits you with a +0 trident.
The gnoll closely misses you.
You completely miss the gnoll.
The gnoll is heavily wounded.
The gnoll hits you with a +0 halberd!
* * * LOW HITPOINT WARNING * * *
The gnoll sergeant closely misses you.
You hit the gnoll.
The gnoll is heavily wounded.
You block the gnoll sergeant's attack. The gnoll hits you with a +0 halberd!
You die...

#.........#
#.........#
#..........
#......<..#
# .........
#####
#.....#
.....
#####g††..#
#....
#ggg@)....#
#####
#..#####[###
#. #..##
#...# #.#.##
###..# ##.#
### #.#
#.... #.##
.....


You could see a gnoll sergeant and 3 gnolls.

Vanquished Creatures
  Natasha (thrice) (D:2)
  2 gnolls (D:3)
  3 adders
  4 worms
  2 dart slugs
  9 orcs
  4 endoplasms
  2 giant cockroaches (D:1)
  4 goblins
  4 hobgoblins
  4 jackals (D:2)
  2 quokkas (D:2)
  2 ball pythons (D:3)
  7 bats
  3 frilled lizards
  A kobold (D:3)
  4 rats
60 creatures vanquished.

Notes
Turn   | Place    | Note
-------+----------+-------------------------------------------
     0 | D:1      | serber55 the Demonspawn Ice Elementalist began the quest
                  | for the Orb.
     0 | D:1      | Reached XP level 1. HP: 13/13 MP: 3/3
   244 | D:1      | Gained mutation: You have a small tail. [demonic ancestry]
   244 | D:1      | Reached XP level 2. HP: 20/20 MP: 0/5
   725 | D:2      | Noticed Natasha
   780 | D:2      | Killed Natasha
   781 | D:2      | Reached skill level 1 in Fighting
   781 | D:2      | Reached skill level 4 in Ice Magic
   781 | D:2      | Gained mutation: You have a tail ending in a sharp stinger.
                  | [demonic ancestry]
   781 | D:2      | Reached XP level 3. HP: 20/26 MP: 0/6
   798 | D:2      | Noticed Natasha
   811 | D:2      | Killed Natasha
   919 | D:2      | Reached XP level 4. HP: 32/32 MP: 7/7
  1095 | D:2      | Learned a level 3 spell: Frozen Ramparts
  1099 | D:2      | Learned a level 3 spell: Ozocubu's Armour
  1621 | D:2      | Noticed Natasha
  1629 | D:2      | Killed Natasha
  1630 | D:2      | Gained mutation: A meltable shield of frost defends you.
                  | (SH +4) [demonic ancestry]
  1630 | D:2      | Reached XP level 5. HP: 23/38 MP: 0/9
  1924 | D:3      | Found a faded altar of an unknown god.
  1942 | D:3      | Prayed at the altar of an unknown god.
  1942 | D:3      | Became a worshipper of the Wu Jian Council
  1942 | D:3      | Reached * piety under Wu Jian
  2337 | D:3      | Slain by a gnoll

Illustrated notes

Levels and vault maps discovered:
D:1:      amcnicky_arrival_flooded_fountain, layout_rooms
D:2:      layout_loops_ring, uniq_natasha
D:3:      layout_rooms, hellmonk_ecumenical_altar_heavens_door, goddamned_bats

Skill      XL: |  1  2  3  4  5 |
---------------+----------------+-----
Dodging        | 2 |  2.8
Fighting       | 1 2 |  2.2
Ice Magic      | 4 |  4.8
Stealth        | |  1.7
Spellcasting   | |  2.9

Action                     |  1- 3 |  4- 6 || total
---------------------------+-------+-------++-------
  Melee: Dagger            |    47 |    76 ||   123
         Long sword        |     6 |       ||     6
         Tailslap          |     8 |    10 ||    18
         Punch             |       |     1 ||     1
   Cast: Freeze            |    20 |    32 ||    52
         Frozen Ramparts   |       |     8 ||     8
         Ozocubu's Armour  |       |     5 ||     5
Ability: Lunge             |       |     7 ||     7
         Whirlwind         |       |     1 ||     1
    Use: Potion            |       |     1 ||     1
   Stab: Sleeping          |     3 |     6 ||     9
 Armour: Robe              |    45 |    41 ||    86
  Dodge: Dodged            |    48 |    60 ||   108
  Block: Other             |       |    10 ||    10

Table legend: (Time is in decaauts)
 A = Elapsed time spent in this place.
 B = Non-inter-level travel time spent in this place.
 C = Inter-level travel time spent in this place.
 D = Time resting spent in this place.
 E = Time spent auto-exploring this place.
 F = Levels seen in this place.
 G = Mean time per level.
                   A        B        C        D        E       F      G
               +--------+--------+--------+--------+--------+-----+--------+
         Total |   2337 |   2314 |     23 |    266 |   1584 |   3 |  779.0 |
       Dungeon |   2337 |   2314 |     23 |    266 |   1584 |   3 |  779.0 |
               +--------+--------+--------+--------+--------+-----+--------+

Top non-repeatable levels by time:
     D:2: 1236 daAuts
     D:1: 678 daAuts
     D:3: 422 daAuts
